 Dungeon Crawl Stone Soup version 0.28-a0-595-g9f6c0e134a (webtiles) character file.

Game seed: 8864563594020470044

30 bande the Skirmisher (level 3, -2/24 HPs)
             Began as a Gargoyle Fighter on Oct 4, 2021.
             Slain by an adder (4 damage)
             ... on level 2 of the Dungeon.
             The game lasted 00:01:23 (1336 turns).

bande the Skirmisher (Gargoyle Fighter)             Turns: 1336, Time: 00:01:24

Health: -2/24      AC: 11    Str: 20    XL:     3   Next: 20%
Magic:  3/3        EV:  9    Int:  8    God:
Gold:   51         SH:  4    Dex:  9    Spells: 2/2 levels left

rFire   . . .      SeeInvis .   a - +0 war axe
rCold   . . .      Faith    .   c - +0 buckler
rNeg    + . .      Spirit   .   b - +0 scale mail
rPois   ∞          Reflect  .   (no helmet)
rElec   +          Harm     .   f - +0 cloak
rCorr   .          Rampage  .   (no gloves)
Will    .....                   (no boots)
Stlth   ..........              (no amulet)
HPRegen 0.08/turn               (no ring)
MPRegen 0.08/turn               (no ring)

@: no status effects
A: sickness immunity, AC +3, negative energy resistance 1, electricity
resistance, torment resistance 1, petrification resistance
a: no special abilities


You were on level 2 of the Dungeon.
You visited 1 branch of the dungeon, and saw 2 of its levels.

You collected 51 gold pieces.

Inventory:

Hand Weapons
 a - a +0 war axe (weapon)
Armour
 b - a +0 scale mail (worn)
 c - a +0 buckler (worn)
 f - a +0 cloak (worn)
Wands
 h - a wand of acid (6)
Scrolls
 e - a scroll of identify {unknown}
Potions
 d - a potion of might
 g - a potion of attraction {unknown}


   Skills:
 + Level 3.6 Fighting
 + Level 2.4 Axes
 + Level 3.5 Armour
 + Level 3.5 Shields


You had 2 spell levels left.
You didn't know any spells.
Your spell library contained the following spells:

 Spells                   Type           Power      Damage    Failure   Level
 Corpse Rot               Necr/Air       N/A        N/A       89%         2
 Dispel Undead            Necr           0%         3d6       100%        4
 Death Channel            Necr           0%         N/A       100%        6


Dungeon Overview and Level Annotations

Branches:
Dungeon (2/15)

Altars:

Shops:
D:2 *


Innate Abilities, Weirdness & Mutations

You are immune to sickness and miasma.
Your stone body is resilient. (AC +3)
You are immune to poison.
You resist negative energy. (rN+)
You are resistant to electric shocks. (rElec)
You are resistant to unholy torment.
You are immune to petrification.


Message History

Found a robe.
The ball python hisses angrily.
Found Uforurru's Assorted Antiques.
You block the gnoll's attack.
You hit the gnoll.
The gnoll is lightly wounded.
The gnoll hits you from afar with a +0 halberd!
The gnoll hits you but does no damage. x2
The gnoll hits you from afar with a +0 halberd.
You slash the gnoll!
The gnoll is severely wounded.
The gnoll hits you but does no damage.
The gnoll hits you from afar with a +0 halberd.
A ball python comes into view.
You are too injured to fight recklessly!
You are too injured to fight recklessly!
You are too injured to fight recklessly!
You are too injured to fight recklessly!
Unknown command.
The gnoll hits you with a +0 club.
Found a stone staircase leading up.
The gnoll hits you but does no damage.
The ball python hisses angrily.
The adder bites you.
* * * LOW HITPOINT WARNING * * *
The adder bites you but does no damage.
The ball python bites you but does no damage.
You block the ball python's attack. The ball python closely misses you.
The ball python grabs you. The ball python constricts you.
You escape the ball python's grasp.
The adder closely misses you. The adder bites you.
* * * LOW HITPOINT WARNING * * *
The adder closely misses you. The adder bites you.
* * * LOW HITPOINT WARNING * * *
The adder bites you.
* * * LOW HITPOINT WARNING * * *
The adder bites you but does no damage. You block the adder's attack.
The adder bites you.
You die...

#.# #.# #.# #.# #.#
..#!# #.# ..#.# #.# .
#.# ########.### #+#.#
#<....@S...#
....##############..##
.S..#......Sg.gg....#
.g..#.#############.#
.g.g........... #.#
..#.#...#########.#.#
....#...#.. ..#.#.#
........#.#####.#.#.#
...##.#.#.....#.#.#.#


You could see an adder.

Vanquished Creatures
  An adder (D:2)
  A dart slug (D:1)
  A ball python (D:1)
  A bat (D:1)
  An endoplasm (D:1)
  2 giant cockroaches (D:1)
  A goblin (D:1)
  4 hobgoblins (D:1)
  2 quokkas (D:1)
  A frilled lizard (D:1)
  2 rats (D:1)
17 creatures vanquished.

Notes
Turn   | Place    | Note
-------+----------+-------------------------------------------
     0 | D:1      | bande the Gargoyle Fighter began the quest for the Orb.
     0 | D:1      | Reached XP level 1. HP: 14/14 MP: 1/1
   469 | D:1      | Found a faded altar of an unknown god.
   548 | D:1      | Reached XP level 2. HP: 19/19 MP: 2/2
  1241 | D:2      | Reached XP level 3. HP: 21/24 MP: 3/3
  1307 | D:2      | Found Uforurru's Assorted Antiques.
  1326 | D:2      | HP: 1/24 [adder (3)]
  1336 | D:2      | Slain by an adder

Illustrated notes

Levels and vault maps discovered:
D:1:      kilobyte_arrival_exit_the_forest, layout_loops_corners,
          ebering_ecumenical_altar_abandoned, chequers_serial_rivers_large_b
D:2:      layout_basic, serial_shops, shop_fountains, minmay_joined_circles,
          uniq_sigmund

Skill      XL: |  1 |
---------------+----+-----
Axes           | 2 |  2.4
Fighting       | |  3.6
Armour         | |  3.5
Shields        | |  3.5

Action                   || total
-------------------------++-------
Melee: War axe           ||    73
Armor: Scale mail        ||    44
Dodge: Dodged            ||    37
Block: Buckler           ||    16

Table legend: (Time is in decaauts)
 A = Elapsed time spent in this place.
 B = Non-inter-level travel time spent in this place.
 C = Inter-level travel time spent in this place.
 D = Time resting spent in this place.
 E = Time spent auto-exploring this place.
 F = Levels seen in this place.
 G = Mean time per level.
                   A        B        C        D        E       F      G
               +--------+--------+--------+--------+--------+-----+--------+
         Total |   1405 |   1386 |     19 |      0 |   1162 |   2 |  702.5 |
       Dungeon |   1405 |   1386 |     19 |      0 |   1162 |   2 |  702.5 |
               +--------+--------+--------+--------+--------+-----+--------+

Top non-repeatable levels by time:
     D:1: 1277 daAuts
     D:2: 127 daAuts
